 Dungeon Crawl Stone Soup version 0.30-a0-728-gc68057be0a (webtiles) character file.

Game seed: 5379999525940720772

384 sokol815 the Shooter (level 6, -3/49 (51) HPs)
             Began as a Demigod Hunter on Jan 31, 2023.
             Slain by a wight
             ... wielding a +4 scimitar
              (10 damage)
             ... on level 6 of the Dungeon.
             The game lasted 00:04:20 (1931 turns).

sokol815 the Shooter (Demigod Hunter)               Turns: 1931, Time: 00:04:21

HP:   -3/49 (51)    AC:  3    Str: 12    XL:     6   Next: 23%
MP:   8/8           EV: 14    Int: 11    God:
Gold: 99            SH:  0    Dex: 25    Spells: 5/5 levels left

rFire   . . .      SeeInvis .    a - +1 shortbow (elec)
rCold   . . .      Faith    .    (shield currently unavailable)
rNeg    . . .      Spirit   .    c - +0 leather armour
rPois   .          Reflect  .    (no helmet)
rElec   .          Harm     .    (no cloak)
rCorr   .          Rampage  .    (no gloves)
Will    .....                    (no boots)
Stlth   ++                       (no amulet)
HPRegen 0.28/turn                (no ring)
MPRegen 0.11/turn                (no ring)

@: studying Axes, lightly drained
A: high MP 1, forlorn, divine attributes
a: no special abilities


You were on level 6 of the Dungeon.
You visited 1 branch of the dungeon, and saw 4 of its levels.

You collected 99 gold pieces.

Inventory:

Hand Weapons
 a - a +1 shortbow of electrocution (weapon)
 e - a +0 war axe
   (You took it off an orc on level 6 of the Dungeon)
Missiles
 d - 4 silver boomerangs
 s - 7 stones
Armour
 c - a +0 leather armour (worn)
 g - a +1 chain mail of cold resistance
   (You took it off a kobold on level 2 of the Dungeon)
Wands
 y - a wand of mindburst (9)
   (You found it on level 2 of the Dungeon)
Scrolls
 K - a scroll of immolation {!r}
 X - a scroll of magic mapping {@r4!r}
 Y - a scroll of teleportation {@r3}
Potions
 b - a potion of brilliance {unknown}
 i - a potion of lignification {unknown}


   Skills:
 + Level 3.4 Fighting
 * Level 3.3 Axes
 - Level 5.0 Ranged Weapons
 + Level 3.4 Dodging
 - Level 0.8 Stealth


You had 5 spell levels left.
You didn't know any spells.
Your spell library contained the following spells:

 Spells                   Type           Power      Damage    Failure   Level
 Apportation              Tloc           0%         N/A       41%         1
 Freeze                   Ice            0%         1d3       41%         1
 Necrotise                Necr           0%         1d4       41%         1
 Summon Small Mammal      Summ           0%         N/A       41%         1
 Frozen Ramparts          Ice            0%         1d1       80%         3
 Hailstorm                Conj/Ice       0%         3d3       80%         3


Dungeon Overview and Level Annotations

Branches:
Dungeon (3/15) Zot: 22010

Annotations:
D:2 1 runed translucent door, Crazy Yiuf


Innate Abilities, Weirdness & Mutations

You have an increased reservoir of magic. (+10% MP)
You shall have no god before yourself.
Your divine heritage dramatically boosts your attributes as you level up.


Message History

No target in view!
A wight comes into view. It is wielding a +0 halberd.
You shoot an arrow. The arrow hits the wight!
Lightning courses through the wight!
You destroy the wight!
Your Axes skill increases to level 2!
An orc comes into view. It is wielding a +0 falchion.
You shoot an arrow. The arrow hits the orc.
The orc shouts!
A scorpion comes into view.
A wight comes into view.
It is wielding a +3 short sword of freezing.
You shoot an arrow. The arrow closely misses the orc.
You shoot an arrow. The arrow barely misses the scorpion.
The arrow closely misses the orc.
You shoot an arrow. The arrow hits the scorpion!
The scorpion stings you.
You take 6 damage, and have 39/45 hp.
It was a potion of curing.
You feel better.
J - a potion of curing The scorpion stings you.
The scorpion barely misses you.
You regained 4 hp, and now have 43/45 hp.
Fire: a) +1 shortbow (elec)
Aim: a scorpion (moderately wounded, 66% to hit)
You shoot an arrow. The arrow hits the scorpion!
The scorpion misses you.
There is a stone staircase leading down here.
The scorpion attacks as you move away! The scorpion stings you.
You take 5 damage, and have 38/45 hp.
Fire: a) +1 shortbow (elec)
Aim: a scorpion (severely wounded, 66% to hit)
You shoot an arrow. The arrow hits the scorpion.
The scorpion stings you! The scorpion stings you.
You are poisoned.
The scorpion poisons you!
You take 13 damage, and have 25/45 hp.
MASSIVE DAMAGE!!
Fire: a) +1 shortbow (elec)
Aim: a scorpion (almost dead, 66% to hit)
You shoot an arrow. The arrow hits the scorpion.
You kill the scorpion!
You feel very sick. The orc closely misses you.
A wight comes into view. It is wielding a +4 scimitar.
You have reached level 6!
Your experience leads to a dramatic increase in your attributes!
Increase (s)trength, (i)ntelligence, or (d)exterity?
You feel agile. x4
MP restored: 8 You feel better.
The orc hits you but does no damage.
You regained 7 hp, and now have 32/51 hp.
Fire: a) +1 shortbow (elec)
Aim: an orc, wielding a +0 falchion and wearing a +0 leather armour (heavily wounded, 68% to hit)
You shoot an arrow.
The arrow hits the orc but does no damage.
The orc hits you but does no damage.
Fire: a) +1 shortbow (elec)
Aim: an orc, wielding a +0 falchion and wearing a +0 leather armour (heavily wounded, 68% to hit)
You shoot an arrow. The arrow hits the orc.
You kill the orc!
Fire: a) +1 shortbow (elec)
Aim: a wight, wielding a +3 short sword of freezing and wearing a +0 robe (68% to hit)
You shoot an arrow. The arrow hits the wight.
The wight hits you with a +3 short sword of freezing.
The wight freezes you.
You take 1 damage, and have 31/51 hp.
Fire: a) +1 shortbow (elec)
Aim: a wight, wielding a +3 short sword of freezing and wearing a +0 robe (lightly damaged, 68% to hit)
You shoot an arrow. The arrow hits the wight.
Lightning courses through the wight! The wight misses you.
The wight hits you with a +3 short sword of freezing!
The wight freezes you.
You take 12 damage, and have 19/51 hp.
MASSIVE DAMAGE!!
Fire: a) +1 shortbow (elec)
Aim: a wight, wielding a +3 short sword of freezing and wearing a +0 robe (almost destroyed, 68% to hit)
You shoot an arrow. The arrow hits the wight!
You destroy the wight!
Your Axes skill increases to level 3!
Fire: a) +1 shortbow (elec)
Aim: a wight, wielding a +4 scimitar and wearing a +0 robe (68% to hit)
You shoot an arrow.
The arrow hits the wight but does no damage.
The wight closely misses you.
Fire: a) +1 shortbow (elec)
Aim: a wight, wielding a +4 scimitar and wearing a +0 robe (68% to hit)
You shoot an arrow. The arrow hits the wight!
The wight hits you with a +4 scimitar!
* * * LOW HITPOINT WARNING * * *
You feel drained.
* * * LOW HITPOINT WARNING * * *
The wight closely misses you.
You take 14 damage, and have 6/49 hp.
MASSIVE DAMAGE!!
Okay, then.
Fire: a) +1 shortbow (elec)
Aim: a wight, wielding a +4 scimitar and wearing a +0 robe (severely damaged, 68% to hit)
You shoot an arrow.
The arrow hits the wight but does no damage.
The wight hits you with a +4 scimitar!
You die...

..# ).# #..# ####..# ###
#.....## #.# ##......## #.#
##+# ######........## ##.#
#..# #.@z...#.....#.#
...#######.####.####........#
# .###.........##.#
##.......###.# .#
#.#######.##.# #.....#......
.# #.# #....########.#...###
.###.# #.[#..........#.#.# ##
#.##.# #.............o...##!.
##...# #.#..########s#._..#.#
#.#..# #.#.)# #.#.......


You could see a wight.

Vanquished Creatures
  A scorpion (D:6)
  2 wights (D:6)
  An orc priest (D:6)
  A hound (D:6)
  2 iguanas (D:6)
  An orc wizard (D:6)
  An adder (D:2)
  A worm (D:2)
  A dart slug (D:1)
  4 orcs (D:6)
  5 bats
  5 endoplasms
  5 giant cockroaches
  6 goblins
  10 hobgoblins
  A jackal (D:2)
  7 kobolds
  2 quokkas (D:2)
  4 ball pythons
  A frilled lizard (D:3)
61 creatures vanquished.

Notes
Turn   | Place    | Note
-------+----------+-------------------------------------------
     0 | D:1      | sokol815 the Demigod Hunter began the quest for the Orb.
     0 | D:1      | Reached XP level 1. HP: 17/17 MP: 3/3
    52 | D:1      | Reached skill level 2 in Fighting
    52 | D:1      | Reached skill level 2 in Dodging
    76 | D:1      | Reached XP level 2. HP: 24/24 MP: 4/4
   281 | D:1      | Reached skill level 4 in Ranged Weapons
   651 | D:2      | Reached XP level 3. HP: 24/29 MP: 5/5
  1257 | D:2      | Found a runed translucent door.
  1258 | D:2      | Noticed Crazy Yiuf
  1653 | D:3      | You fall into a shaft and drop 3 floors!
  1663 | D:6      | Reached XP level 4. HP: 26/37 MP: 6/6
  1798 | D:6      | Reached skill level 5 in Ranged Weapons
  1798 | D:6      | Reached XP level 5. HP: 36/44 MP: 7/7
  1889 | D:6      | Reached skill level 3 in Fighting
  1896 | D:6      | Reached skill level 1 in Axes
  1896 | D:6      | Reached skill level 3 in Dodging
  1899 | D:6      | Reached skill level 2 in Axes
  1923 | D:6      | Reached XP level 6. HP: 25/51 MP: 8/8
  1929 | D:6      | Reached skill level 3 in Axes
  1930 | D:6      | HP: 10/51 [wight/+4 scimitar (10)]
  1931 | D:6      | Slain by a wight

Illustrated notes

Levels and vault maps discovered:
D:1:      evilmike_arrival_plus, layout_rooms
D:2:      layout_basic, ebering_ecumenical_altar_hall,
          hangedman_decor_clover_reticule, minmay_fractal_squares_5,
          uniq_crazy_yiuf_cottage
D:3:      layout_loops_corners, uniq_ijyb
D:6:      lemuel_insect_pit, layout_loops_ring,
          mainiacjoe_overflow_tiny_flanked, minmay_temple_entry_poolview,
          corexii_leaking_fountain, uniq_maggie

Skill      XL: |  1  2  3  4  5  6 |
---------------+-------------------+-----
Fighting       | 2 3 |  3.4
Dodging        | 2 3 |  3.4
Ranged Weapons | 4 5 |  5.0
Axes           | 2 3 |  3.3
Stealth        | |  0.8

Action                     |  1- 3 |  4- 6 || total
---------------------------+-------+-------++-------
   Fire: Shortbow          |   144 |    31 ||   175
    Use: Scroll            |     7 |       ||     7
         Potion            |       |     2 ||     2
 Armour: Leather armour    |    15 |     4 ||    19
  Dodge: Dodged            |    55 |    12 ||    67

Table legend: (Time is in decaauts)
 A = Elapsed time spent in this place.
 B = Non-inter-level travel time spent in this place.
 C = Inter-level travel time spent in this place.
 D = Time resting spent in this place.
 E = Time spent auto-exploring this place.
 F = Levels seen in this place.
 G = Mean time per level.
                   A        B        C        D        E       F      G
               +--------+--------+--------+--------+--------+-----+--------+
         Total |   1988 |   1924 |     64 |    112 |   1441 |   4 |  497.0 |
       Dungeon |   1988 |   1924 |     64 |    112 |   1441 |   4 |  497.0 |
               +--------+--------+--------+--------+--------+-----+--------+

Top non-repeatable levels by time:
     D:2: 944 daAuts
     D:1: 568 daAuts
     D:6: 288 daAuts
     D:3: 186 daAuts

Table legend:
 A = Kills in this place as a percentage of kills in entire the game.
 B = Kills by you in this place as a percentage of kills by you in the entire game.
 C = Kills by friends in this place as a percentage of kills by friends in the entire game.
 D = Other kills in this place as a percentage of other kills in the entire game.
 E = Experience gained in this place as a percentage of experience gained in the entire game.
 F = Experience gained in this place divided by the number of levels of this place that you have seen.
                   A       B       C       D       E      F
               +-------+-------+-------+-------+-------+----------------------
         Total | 100.0 | 100.0 |   N/A |   N/A | 100.0 | 137.2
       Dungeon | 100.0 | 100.0 |   N/A |   N/A | 100.0 | 137.2
               +-------+-------+-------+-------+-------+----------------------
